AoeStats
← Gumar

Arabia

509447571Analyzed
2v2 RM · 6d ago on Sep 26, 2026· 37m 34s· 4 players
Game mode
Random Map
Map size
Medium (4 player)
Population
200
Speed
Normal
Resources
Standard
Victory
Conquest
Starting age
Dark Age
Ending age
Imperial Age
RankedLock teamsTeams togetherTeam positionsShared explorationLock speedFull tech treeHidden civsTurbo modeCheats
Victory
Defeat
🇺🇸 Franks · United States
689
+25
🇺🇸 Ethiopians · United States
650
+15
🇵🇱 Cumans · Poland
652
-15
🇧🇷 Sicilians · Brazil
608
-13
Gumar
13:03 Feudal Age
31:18 Castle Age
31:25 Pikeman
32:52 Wheelbarrow
32:11 Double-Bit Axe
32:10 Horse Collar
33:37 Light Cavalry
34:28 Bloodlines
34:37 Fletching
34:12 Elite Skirmisher
36:41 Hand Cart
36:14 Town Watch
miltoncarlos011
6:22 Loom
11:09 Feudal Age
12:56 Wheelbarrow
13:20 Town Watch
15:05 Horse Collar
20:45 Gold Mining
21:10 Stone Mining
crumb
5:18 Loom
11:04 Feudal Age
11:34 Double-Bit Axe
13:53 Wheelbarrow
14:32 Horse Collar
18:26 Fletching
23:33 Castle Age
21:30 Gold Mining
25:16 Hand Cart
25:14 Bow Saw
25:06 Heavy Plow
24:31 Crossbowman
25:12 Bodkin Arrow
28:26 Thumb Ring
29:30 Padded Archer Armor
33:30 Leather Archer Armor
33:47 Ballistics
37:35 Imperial Age
Goblin
10:37 Loom
12:34 Feudal Age
14:27 Wheelbarrow
13:44 Double-Bit Axe
16:24 Scale Mail Armor
18:31 Forging
23:27 Castle Age
25:22 Hand Cart
26:52 Light Cavalry
28:48 Chain Mail Armor
33:08 Bow Saw
Connection lost

Rejoining the realm…

Still unreachable

The connection could not be restored.

Session expired

The server has moved on; the page needs a fresh start.